[Event "ROU-chT 1st League 2019"]
[Site "Mamaia"]
[Date "2019.09.29"]
[Round "9.1"]
[White "Tarlev, Konstantin"]
[Black "Kuzubov, Yuriy"]
[Result "1/2-1/2"]
[ECO "C42"]
[WhiteElo "2559"]
[BlackElo "2636"]
[Annotator "ChessBase"]
[PlyCount "33"]
[EventDate "2019.09.21"]
[EventType "team-tourn"]
[EventCountry "ROU"]
[SourceTitle "playchess.com"]
[Source "ChessBase"]
[SourceQuality "1"]
[TimeControl "40/5400+30:1800+30"]

1. e4 e5 2. Nf3 Nf6 3. Nxe5 d6 4. Nf3 Nxe4 5. Qe2 Qe7 6. d3 Nf6 7. Nc3 Qxe2+ 8. Bxe2 g6 9. Nd4 a6 10. Bf4 Bg7 11. h3 Bd7 12. Bf3 Nc6 13. Nxc6 Bxc6 14. Bxc6+ bxc6 15. O-O-O Kd7 16. Rhe1 Rhe8 17. Bd2 1/2-1/2

[Event "ROU-chT 1st League 2019"]
[Site "Mamaia"]
[Date "2019.09.29"]
[Round "9.2"]
[White "Baklan, Vladimir"]
[Black "Morozov, Nichita"]
[Result "1-0"]
[ECO "C41"]
[WhiteElo "2604"]
[BlackElo "2394"]
[Annotator "ChessBase"]
[PlyCount "91"]
[EventDate "2019.09.21"]
[EventType "team-tourn"]
[EventCountry "ROU"]
[SourceTitle "playchess.com"]
[Source "ChessBase"]
[SourceQuality "1"]
[TimeControl "40/5400+30:1800+30"]

1. e4 d6 2. d4 Nf6 3. Nc3 e5 4. Nf3 Nbd7 5. Bc4 Be7 6. a4 O-O 7. O-O a5 8. Ba2 b6 9. Qe2 Bb7 10. Rd1 exd4 11. Nxd4 Re8 12. Bf4 Nc5 13. f3 Nh5 14. Be3 Bg5 15. Nf5 Bxe3+ 16. Qxe3 Qf6 17. Qd2 Ne6 18. Bd5 Bxd5 19. Nxd5 Qd8 20. Qc3 Qg5 21. h4 Qd8 22. g4 Nf6 23. Nxf6+ Qxf6 24. Qxf6 gxf6 25. Kf2 Rab8 26. Kg3 b5 27. b3 h5 28. Rd5 bxa4 29. Rxa4 hxg4 30. Nh6+ Kg7 31. Nxg4 Nc5 32. Rxa5 Ra8 33. Rxa8 Rxa8 34. b4 Nb7 35. h5 Ra2 36. h6+ Kh7 37. Rh5 Ra8 38. Kh4 Ra1 39. Kg3 Ra8 40. f4 Ra3+ 41. Kh4 Ra1 42. Kg3 Ra3+ 43. Kg2 Ra8 44. f5 Nd8 45. Nxf6+ Kh8 46. b5 1-0

[Event "ROU-chT 1st League 2019"]
[Site "Mamaia"]
[Date "2019.09.29"]
[Round "9.3"]
[White "Ionescu, Constantin"]
[Black "Rogozenco, Dorian"]
[Result "1/2-1/2"]
[ECO "D02"]
[WhiteElo "2426"]
[BlackElo "2491"]
[Annotator "ChessBase"]
[PlyCount "39"]
[EventDate "2019.09.21"]
[EventType "team-tourn"]
[EventCountry "ROU"]
[SourceTitle "playchess.com"]
[Source "ChessBase"]
[SourceQuality "1"]
[TimeControl "40/5400+30:1800+30"]

1. Nf3 d5 2. d4 Nf6 3. c4 c6 4. Qc2 g6 5. Bf4 Bg7 6. e3 O-O 7. Nc3 c5 8. dxc5 Qa5 9. Rd1 dxc4 10. Bxc4 Qxc5 11. Bb3 Bf5 12. e4 Bg4 13. Nd5 Nbd7 14. Be3 Qxc2 15. Nxe7+ Kh8 16. Bxc2 Rfe8 17. Nd5 Rac8 18. Nxf6 Nxf6 19. Bb3 Nxe4 20. O-O 1/2-1/2

[Event "ROU-chT 1st League 2019"]
[Site "Mamaia"]
[Date "2019.09.29"]
[Round "9.4"]
[White "Manolache, Marius"]
[Black "Cosma, Ioan"]
[Result "1-0"]
[ECO "E00"]
[WhiteElo "2548"]
[BlackElo "2394"]
[Annotator "ChessBase"]
[PlyCount "71"]
[EventDate "2019.09.21"]
[EventType "team-tourn"]
[EventCountry "ROU"]
[SourceTitle "playchess.com"]
[Source "ChessBase"]
[SourceQuality "1"]
[TimeControl "40/5400+30:1800+30"]

1. d4 e6 2. c4 Bb4+ 3. Nc3 c5 4. e3 Nf6 5. Bd2 cxd4 6. exd4 O-O 7. Nf3 d5 8. c5 b6 9. a3 Bxc3 10. Bxc3 Ne4 11. Rc1 a5 12. Bb5 Bd7 13. a4 Nc6 14. O-O f6 15. Qe2 Re8 16. Rfd1 Qc7 17. Be1 Qb7 18. Qe3 Rac8 19. Qd3 Nb8 20. b4 axb4 21. Bxb4 Rc7 22. Nd2 bxc5 23. dxc5 Bc6 24. Nxe4 dxe4 25. Qe2 Nd7 26. Rd6 Ne5 27. Ba5 Rcc8 28. Ba6 Qa8 29. Bxc8 Rxc8 30. Bc3 Nd3 31. Ra1 Bd5 32. Qg4 Qb7 33. c6 Bxc6 34. Bxf6 Qf7 35. Bd4 Nf4 36. Be3 1-0

[Event "ROU-chT 1st League 2019"]
[Site "Mamaia"]
[Date "2019.09.29"]
[Round "9.5"]
[White "Itkis, Boris"]
[Black "Anton, Teodor"]
[Result "1/2-1/2"]
[ECO "B09"]
[WhiteElo "2323"]
[BlackElo "2445"]
[Annotator "NA"]
[PlyCount "61"]
[EventDate "2019.09.21"]
[EventType "team-tourn"]
[EventCountry "ROU"]
[SourceTitle "playchess.com"]
[Source "ChessBase"]
[SourceQuality "1"]
[TimeControl "40/5400+30:1800+30"]

1. d4 g6 2. e4 Bg7 3. Nc3 d6 4. f4 Nf6 5. Nf3 O-O 6. e5 Nh5 7. Bc4 c6 8. O-O b5 9. Bd3 f5 10. exf6 Nxf6 11. Qe2 Na6 12. a4 Nb4 13. axb5 Nxd3 14. Qxd3 cxb5 15. Qxb5 Bf5 16. Qe2 Qc7 17. Re1 Rfe8 18. h3 Qb7 19. Ng5 Rac8 20. Qa6 Qxa6 21. Rxa6 Rc7 22. Ne6 Rb7 23. Nxg7 Kxg7 24. Re2 h5 25. Ra2 Rc8 26. d5 Rc4 27. Be3 a5 28. Bc1 Rc5 29. Be3 Rc4 30. Bc1 Rc5 31. Be3 1/2-1/2

[Event "ROU-chT 1st League 2019"]
[Site "Mamaia"]
[Date "2019.09.29"]
[Round "9.6"]
[White "Banzea, Alexandru-Bogdan"]
[Black "Ileana, George"]
[Result "1/2-1/2"]
[ECO "B51"]
[WhiteElo "2401"]
[BlackElo "2349"]
[Annotator "NA"]
[PlyCount "73"]
[EventDate "2019.09.21"]
[EventType "team-tourn"]
[EventCountry "ROU"]
[SourceTitle "playchess.com"]
[Source "ChessBase"]
[SourceQuality "1"]
[TimeControl "40/5400+30:1800+30"]

1. e4 c5 2. Nf3 d6 3. Bb5+ Nd7 4. d4 cxd4 5. Qxd4 a6 6. Bxd7+ Bxd7 7. Nc3 e5 8. Qd3 h6 9. Nd2 Rc8 10. Nc4 Be6 11. Ne3 Nf6 12. O-O Be7 13. a4 Qc7 14. Rd1 O-O 15. Bd2 Bc4 16. Nxc4 Qxc4 17. Qxc4 Rxc4 18. f3 Rfc8 19. Kf1 Kf8 20. Be1 R4c6 21. a5 Bd8 22. Bf2 Ke7 23. Rd3 Ke6 24. Ke2 Nh5 25. g3 g6 26. Be3 Bg5 27. Ra4 f5 28. Rb4 R8c7 29. Nd5 Rf7 30. c3 Bxe3 31. Kxe3 Rc5 32. g4 Ng7 33. Nb6 Rfc7 34. Nd5 Rf7 35. Nb6 Rfc7 36. Nd5 Rf7 37. Nb6 1/2-1/2

[Event "ROU-chT 1st League 2019"]
[Site "Mamaia"]
[Date "2019.09.29"]
[Round "9.7"]
[White "Erdos, Viktor"]
[Black "Oltean, Dorel"]
[Result "1-0"]
[ECO "D27"]
[WhiteElo "2604"]
[BlackElo "2333"]
[Annotator "ChessBase"]
[PlyCount "49"]
[EventDate "2019.09.21"]
[EventType "team-tourn"]
[EventCountry "ROU"]
[SourceTitle "playchess.com"]
[Source "ChessBase"]
[SourceQuality "1"]
[TimeControl "40/5400+30:1800+30"]

1. d4 d5 2. Nf3 Nf6 3. c4 c6 4. e3 e6 5. Bd3 dxc4 6. Bxc4 a6 7. O-O c5 8. Nc3 b5 9. Be2 Bb7 10. dxc5 Qxd1 11. Rxd1 Bxc5 12. Nd2 Nbd7 13. Nb3 Bb6 14. a4 b4 15. a5 Ba7 16. Na2 Nc5 17. Nxc5 Bxc5 18. Bd2 b3 19. Nc1 Bd5 20. f3 O-O 21. Kf1 Rfb8 22. e4 Bc6 23. Bf4 Rb4 24. Nd3 Rb5 25. Rac1 1-0

[Event "ROU-chT 1st League 2019"]
[Site "Mamaia"]
[Date "2019.09.29"]
[Round "9.8"]
[White "Florescu, Codrut-Constantin"]
[Black "Gonda, Laszlo"]
[Result "1/2-1/2"]
[ECO "A47"]
[WhiteElo "2286"]
[BlackElo "2541"]
[Annotator "ChessBase"]
[PlyCount "36"]
[EventDate "2019.09.21"]
[EventType "team-tourn"]
[EventCountry "ROU"]
[SourceTitle "playchess.com"]
[Source "ChessBase"]
[SourceQuality "1"]
[TimeControl "40/5400+30:1800+30"]

1. d4 Nf6 2. Nf3 b6 3. g3 Bb7 4. Bg2 g6 5. O-O Bg7 6. c4 O-O 7. Re1 e6 8. Nc3 Ne4 9. Bd2 d6 10. Nxe4 Bxe4 11. Bc3 Nd7 12. Qa4 c5 13. Rad1 Qc7 14. Ne5 Bxg2 15. Qxd7 Qxd7 16. Nxd7 Rfd8 17. Kxg2 Rxd7 18. dxc5 bxc5 1/2-1/2

[Event "ROU-chT 1st League 2019"]
[Site "Mamaia"]
[Date "2019.09.29"]
[Round "9.9"]
[White "Grigore, George-Gabriel"]
[Black "Oltean, Liviu-Ioan"]
[Result "1-0"]
[ECO "D45"]
[WhiteElo "2491"]
[BlackElo "2313"]
[Annotator "ChessBase"]
[PlyCount "65"]
[EventDate "2019.09.21"]
[EventType "team-tourn"]
[EventCountry "ROU"]
[SourceTitle "playchess.com"]
[Source "ChessBase"]
[SourceQuality "1"]
[TimeControl "40/5400+30:1800+30"]

1. d4 d5 2. c4 c6 3. Nf3 Nf6 4. Nc3 e6 5. e3 a6 6. Qc2 Be7 7. b3 b5 8. Bd3 Nbd7 9. O-O bxc4 10. bxc4 dxc4 11. Bxc4 c5 12. d5 exd5 13. Nxd5 Nxd5 14. Bxd5 Rb8 15. e4 O-O 16. Bf4 Rb6 17. Rad1 Bb7 18. Bxb7 Rxb7 19. Ne5 Qc8 20. Nc4 Nb6 21. Nd6 Bxd6 22. Rxd6 Re8 23. f3 a5 24. Rfd1 c4 25. Rb1 Nd7 26. Rxb7 Qxb7 27. Qxc4 Nf8 28. h3 Ne6 29. Bg3 h6 30. Kh2 Qb2 31. Qc6 Rb8 32. Rxe6 fxe6 33. Qxe6+ 1-0

[Event "ROU-chT 1st League 2019"]
[Site "Mamaia"]
[Date "2019.09.29"]
[Round "9.10"]
[White "Zubac, Marius"]
[Black "Manea, Alexandru"]
[Result "0-1"]
[ECO "A40"]
[WhiteElo "2135"]
[BlackElo "2305"]
[Annotator "NA"]
[PlyCount "138"]
[EventDate "2019.09.21"]
[EventType "team-tourn"]
[EventCountry "ROU"]
[SourceTitle "playchess.com"]
[Source "ChessBase"]
[SourceQuality "1"]
[TimeControl "40/5400+30:1800+30"]

1. d4 e6 2. c4 b6 3. e4 Bb7 4. Nc3 Bb4 5. f3 Ne7 6. Bg5 h6 7. Bh4 O-O 8. Bd3 d5 9. cxd5 exd5 10. e5 c5 11. a3 cxd4 12. axb4 dxc3 13. bxc3 Qc7 14. Ne2 Qxe5 15. O-O Nf5 16. Bxf5 Qxf5 17. Nd4 Qc8 18. b5 a6 19. Kh1 axb5 20. Rxa8 Bxa8 21. Nxb5 Qc5 22. Qb3 Bc6 23. Nd4 Bd7 24. Rb1 Nc6 25. Bf2 Ra8 26. Qxb6 Qxc3 27. Qc7 Ra7 28. Qf4 Ra1 29. Rg1 Ra4 30. Rd1 Ra1 31. Rg1 Ra2 32. Nxc6 Qxc6 33. Bd4 Re2 34. Qb8+ Kh7 35. Qb1+ Qg6 36. Qd1 Rc2 37. Ba1 Be6 38. Qd4 Re2 39. Qd1 Rc2 40. Qd4 Re2 41. g4 f6 42. h4 Qc2 43. Qf4 Qd2 44. Qxd2 Rxd2 45. g5 hxg5 46. hxg5 d4 47. gxf6 gxf6 48. Rg2 Rd1+ 49. Rg1 Rd3 50. Kg2 Bd5 51. Kg3 Rxf3+ 52. Kg4 d3 53. Bc3 Rf2 54. Kg3 Rf5 55. Rd1 Rf3+ 56. Kg4 Kg6 57. Rg1 Be4 58. Rg2 f5+ 59. Kh4+ Kf7 60. Kg5 Ke6 61. Rb2 Kd5 62. Bd2 Rf2 63. Rb5+ Ke6 64. Rb6+ Ke5 65. Rb5+ Bd5 66. Rb2 Rg2+ 67. Kh4 Kd4 68. Kh3 Rxd2 69. Rxd2 Ke3 0-1

[Event "ROU-chT 1st League 2019"]
[Site "Mamaia"]
[Date "2019.09.29"]
[Round "9.11"]
[White "Szabo, Attila"]
[Black "Helmer, Janos"]
[Result "1-0"]
[ECO "A35"]
[WhiteElo "2239"]
[BlackElo "1990"]
[Annotator "NA"]
[PlyCount "117"]
[EventDate "2019.09.21"]
[EventType "team-tourn"]
[EventCountry "ROU"]
[SourceTitle "playchess.com"]
[Source "ChessBase"]
[SourceQuality "1"]
[TimeControl "40/5400+30:1800+30"]

1. c4 c5 2. Nc3 Nf6 3. Nf3 Nc6 4. d4 cxd4 5. Nxd4 g6 6. e4 d6 7. Be2 Bg7 8. Be3 O-O 9. O-O Bd7 10. Qd2 Nxd4 11. Bxd4 Bc6 12. f3 a5 13. b3 Nd7 14. Be3 Nc5 15. Rab1 Qb6 16. Nd5 Bxd5 17. exd5 Qb4 18. Qc1 Qc3 19. a3 Rfc8 20. Qxc3 Bxc3 21. Rfc1 Bg7 22. Kf2 Rc7 23. g4 Rf8 24. Kg3 f5 25. h3 Be5+ 26. Kg2 f4 27. Bf2 Ra8 28. h4 Kf7 29. g5 h6 30. gxh6 Rh8 31. Kh3 Rxh6 32. b4 axb4 33. axb4 Na4 34. Rb3 Rh8 35. Rc2 b5 36. c5 Rb8 37. Kg4 dxc5 38. bxc5 Bd6 39. c6 b4 40. Bd3 Rcc8 41. Kg5 Rg8 42. Bd4 Nc3 43. Bxc3 bxc3 44. Rxb8 Bxb8 45. Rxc3 Be5 46. Rc2 e6 47. dxe6+ Ke7 48. Bxg6 Kxe6 49. h5 Bc7 50. h6 Bd8+ 51. Kh5 Bc7 52. Rd2 Ra8 53. Rd7 Be5 54. Kg5 Bf6+ 55. Kxf4 Ra4+ 56. Be4 Ra5 57. Bd5+ Rxd5 58. Rxd5 Kxd5 59. Kf5 1-0

[Event "ROU-chT 1st League 2019"]
[Site "Mamaia"]
[Date "2019.09.29"]
[Round "9.12"]
[White "Bobocea, Laurentiu-Vlad"]
[Black "Vasiesiu, Victor"]
[Result "1/2-1/2"]
[ECO "A96"]
[WhiteElo "1921"]
[BlackElo "2251"]
[Annotator "NA"]
[PlyCount "74"]
[EventDate "2019.09.21"]
[EventType "team-tourn"]
[EventCountry "ROU"]
[SourceTitle "playchess.com"]
[Source "ChessBase"]
[SourceQuality "1"]
[TimeControl "40/5400+30:1800+30"]

1. d4 e6 2. c4 f5 3. Nf3 Nf6 4. g3 Be7 5. Bg2 O-O 6. O-O d6 7. b3 Ne4 8. Bb2 Bf6 9. Nbd2 Nc6 10. Qc2 Nb4 11. Qb1 Nxd2 12. Nxd2 e5 13. d5 a5 14. a3 Na6 15. e4 f4 16. b4 Qe8 17. Nb3 a4 18. Nd2 Qh5 19. Qd1 Bg4 20. Bf3 Bxf3 21. Qxf3 Qh6 22. Rad1 fxg3 23. fxg3 Bg5 24. Qd3 Rxf1+ 25. Nxf1 Rf8 26. Qe2 Qf6 27. Kg2 h5 28. Rd3 Nb8 29. Bc3 Nd7 30. Bd2 Qg6 31. Rf3 Rxf3 32. Qxf3 Be7 33. Ne3 Bg5 34. Nf5 Qf6 35. Bxg5 Qxg5 36. Qe3 Qxe3 37. Nxe3 Kf7 1/2-1/2

[Event "ROU-chT 1st League 2019"]
[Site "Mamaia"]
[Date "2019.09.29"]
[Round "9.15"]
[White "Ghimpu, Samuel-Timotei"]
[Black "Murariu, Andrei"]
[Result "0-1"]
[ECO "D10"]
[WhiteElo "2158"]
[BlackElo "2495"]
[Annotator "ChessBase"]
[PlyCount "84"]
[EventDate "2019.09.21"]
[EventType "team-tourn"]
[EventCountry "ROU"]
[SourceTitle "playchess.com"]
[Source "ChessBase"]
[SourceQuality "1"]
[TimeControl "40/5400+30:1800+30"]

1. d4 d5 2. c4 c6 3. cxd5 cxd5 4. Nc3 Nf6 5. Bf4 Nc6 6. e3 a6 7. Nf3 Bg4 8. h3 Bxf3 9. Qxf3 e6 10. Bd3 Be7 11. O-O O-O 12. Rfc1 Rc8 13. Qe2 Nd7 14. Rd1 f5 15. g4 Nb6 16. Kh1 Bd6 17. Bxd6 Qxd6 18. f4 Ne7 19. Rac1 Rc6 20. Rc2 Qb4 21. Rdc1 Nc4 22. Nd1 Rfc8 23. Kg2 g6 24. g5 a5 25. Kf2 a4 26. Qe1 Nxb2 27. Nxb2 Rxc2+ 28. Rxc2 Rxc2+ 29. Bxc2 Qxb2 30. Qb1 Qxb1 31. Bxb1 Nc8 32. Bc2 b5 33. Ke2 Nb6 34. h4 Kf7 35. Bd1 Nc4 36. Kf2 Nb2 37. Bc2 Ke7 38. Ke2 Kd6 39. Kd2 Nc4+ 40. Ke2 Kc6 41. Kf2 Kb6 42. h5 gxh5 0-1

[Event "ROU-chT 1st League 2019"]
[Site "Mamaia"]
[Date "2019.09.29"]
[Round "9.16"]
[White "Filip, Lucian-Ioan"]
[Black "Coca, Cristi-Iulian"]
[Result "1-0"]
[ECO "E92"]
[WhiteElo "2419"]
[BlackElo "2106"]
[Annotator "NA"]
[PlyCount "99"]
[EventDate "2019.09.21"]
[EventType "team-tourn"]
[EventCountry "ROU"]
[SourceTitle "playchess.com"]
[Source "ChessBase"]
[SourceQuality "1"]
[TimeControl "40/5400+30:1800+30"]

1. d4 Nf6 2. c4 g6 3. Nc3 Bg7 4. e4 d6 5. Be2 O-O 6. Nf3 e5 7. Be3 exd4 8. Nxd4 Nc6 9. O-O Re8 10. f3 Nh5 11. Qd2 Nxd4 12. Bxd4 Bxd4+ 13. Qxd4 Nf4 14. Rfd1 Qg5 15. Bf1 Bh3 16. Qd2 Be6 17. g3 Qc5+ 18. Qd4 Nh5 19. Nd5 Rac8 20. Qxc5 dxc5 21. g4 Bxd5 22. cxd5 Nf4 23. Rac1 f5 24. gxf5 gxf5 25. Rxc5 fxe4 26. fxe4 Rxe4 27. Rdc1 Rf8 28. Rxc7 Ne2+ 29. Bxe2 Rxe2 30. R7c2 Rxc2 31. Rxc2 Rd8 32. Rc7 Rxd5 33. Rxb7 Rd2 34. a4 a5 35. b3 Rb2 36. h4 h6 37. h5 Kf8 38. Kf1 Ke8 39. Rb5 Ke7 40. Ke1 Kd6 41. Kd1 Kc6 42. Kc1 Rh2 43. Rxa5 Kb6 44. Rf5 Kc7 45. a5 Kb7 46. b4 Ka7 47. b5 Kb7 48. Rf7+ Kb8 49. a6 Rxh5 50. b6 1-0

[Event "ROU-chT 1st League 2019"]
[Site "Mamaia"]
[Date "2019.09.29"]
[Round "9.17"]
[White "Dobrin, Ionut-Alexandru"]
[Black "Ognean, Mihnea-Ionut"]
[Result "0-1"]
[ECO "E20"]
[WhiteElo "2089"]
[BlackElo "2285"]
[Annotator "NA"]
[PlyCount "82"]
[EventDate "2019.09.21"]
[EventType "team-tourn"]
[EventCountry "ROU"]
[SourceTitle "playchess.com"]
[Source "ChessBase"]
[SourceQuality "1"]
[TimeControl "40/5400+30:1800+30"]

1. d4 Nf6 2. c4 e6 3. Nc3 Bb4 4. f3 c5 5. a3 Bxc3+ 6. bxc3 Nc6 7. e4 d6 8. Be3 b6 9. Bd3 Na5 10. Ne2 Ba6 11. Ng3 O-O 12. O-O Bxc4 13. f4 cxd4 14. cxd4 d5 15. e5 Ne4 16. f5 Nxg3 17. hxg3 f6 18. g4 fxe5 19. dxe5 Qe7 20. Qc2 exf5 21. gxf5 Qxe5 22. Rae1 Bxd3 23. Qxd3 Qe4 24. Qxe4 dxe4 25. Bd2 Rae8 26. Bxa5 bxa5 27. Rf4 Re5 28. Rexe4 Rxe4 29. Rxe4 Rxf5 30. Re7 Rf4 31. Kh2 Ra4 32. Re3 Kf7 33. Kh3 Kf6 34. g4 g6 35. Kg3 Rc4 36. Rf3+ Kg5 37. Rf7 Rxg4+ 38. Kf3 h5 39. Rxa7 Ra4 40. Kg2 Rxa3 41. Ra6 Kf5 0-1

[Event "ROU-chT 1st League 2019"]
[Site "Mamaia"]
[Date "2019.09.29"]
[Round "9.18"]
[White "Secrieru, Andrei-Cristian"]
[Black "Craciun, Alexandru-Emilian"]
[Result "0-1"]
[ECO "A61"]
[WhiteElo "1930"]
[BlackElo "2077"]
[Annotator "NA"]
[PlyCount "147"]
[EventDate "2019.09.21"]
[EventType "team-tourn"]
[EventCountry "ROU"]
[SourceTitle "playchess.com"]
[Source "ChessBase"]
[SourceQuality "1"]
[TimeControl "40/5400+30:1800+30"]

1. d4 Nf6 2. c4 e6 3. Nc3 c5 4. d5 exd5 5. cxd5 d6 6. Nf3 g6 7. Bf4 a6 8. a4 Bg7 9. h3 O-O 10. e3 Qc7 11. Nd2 Ne8 12. Nc4 f5 13. a5 Nd7 14. Na4 Ndf6 15. Ncb6 Rb8 16. Rc1 Nd7 17. b4 Nxb6 18. axb6 Qe7 19. bxc5 g5 20. Bh2 f4 21. Qe2 Nf6 22. c6 Bf5 23. f3 Rfe8 24. c7 Rbc8 25. Nc3 Qxe3 26. Qxe3 Rxe3+ 27. Kd2 Nd7 28. Bg1 Bd4 29. Nd1 Nxb6 30. Nxe3 fxe3+ 31. Bxe3 Bxe3+ 32. Kxe3 Rxc7 33. Rxc7 Nxd5+ 34. Kd4 Nxc7 35. Bc4+ Kg7 36. g4 Bd7 37. h4 b5 38. Bd3 Bc6 39. Be4 Ne6+ 40. Ke3 d5 41. Bf5 d4+ 42. Kf2 Bd5 43. Bxe6 Bxe6 44. hxg5 a5 45. Rd1 a4 46. Rxd4 a3 47. Ke3 Bb3 48. Rd7+ Kg6 49. Rc7 a2 50. Rc1 Kxg5 51. Kd2 Bd5 52. Ke3 Bxf3 53. Kxf3 b4 54. Rc5+ Kg6 55. Ra5 b3 56. Ra6+ Kf7 57. Kg3 b2 58. Rxa2 b1=Q 59. Rf2+ Kg6 60. Rf5 Qe4 61. Kh3 Qe3+ 62. Kh4 Qd3 63. Rg5+ Kf6 64. Rf5+ Ke6 65. Rh5 Qg6 66. Kg3 Kf7 67. Rf5+ Kg7 68. Kh4 Qh6+ 69. Kg3 Qe3+ 70. Kg2 Kg6 71. Rh5 Qf4 72. Kh3 Qf3+ 73. Kh4 h6 74. Rf5 0-1

[Event "ROU-chT 1st League 2019"]
[Site "Mamaia"]
[Date "2019.09.29"]
[Round "9.19"]
[White "Zubov, Alexander"]
[Black "Musat, Adrian"]
[Result "0-1"]
[ECO "D35"]
[WhiteElo "2612"]
[BlackElo "2378"]
[Annotator "ChessBase"]
[PlyCount "72"]
[EventDate "2019.09.21"]
[EventType "team-tourn"]
[EventCountry "ROU"]
[SourceTitle "playchess.com"]
[Source "ChessBase"]
[SourceQuality "1"]
[TimeControl "40/5400+30:1800+30"]

1. d4 Nf6 2. c4 e6 3. Nc3 d5 4. cxd5 exd5 5. Bg5 Be7 6. e3 Nbd7 7. Bd3 O-O 8. Nge2 h6 9. Bh4 b6 10. f3 c5 11. Bf2 Re8 12. O-O Bb7 13. a3 Bf8 14. Qd2 c4 15. Bc2 Bc6 16. b3 cxb3 17. Bxb3 b5 18. Ng3 Nb6 19. e4 dxe4 20. fxe4 b4 21. axb4 Bxb4 22. d5 Bb5 23. Rfe1 Ng4 24. Qd4 Bxc3 25. Qxc3 Nxf2 26. Kxf2 Nd7 27. Kg1 Ne5 28. h3 Qb6+ 29. Kh1 Rac8 30. Qd2 Bd7 31. Ba4 Bxa4 32. Rxa4 Qb3 33. Rxa7 Qxg3 34. Rf1 Nc4 35. Qe2 Nd6 36. Qf3 Qe5 0-1

[Event "ROU-chT 1st League 2019"]
[Site "Mamaia"]
[Date "2019.09.29"]
[Round "9.20"]
[White "Doncea, Vladimir"]
[Black "Sivuk, Vitaly"]
[Result "1-0"]
[ECO "A20"]
[WhiteElo "2341"]
[BlackElo "2559"]
[Annotator "ChessBase"]
[PlyCount "75"]
[EventDate "2019.09.21"]
[EventType "team-tourn"]
[EventCountry "ROU"]
[SourceTitle "playchess.com"]
[Source "ChessBase"]
[SourceQuality "1"]
[TimeControl "40/5400+30:1800+30"]

1. c4 e5 2. g3 Nc6 3. Bg2 Bc5 4. Nc3 a6 5. a3 d6 6. b4 Ba7 7. e3 h5 8. h3 h4 9. g4 f5 10. gxf5 Bxf5 11. Be4 g6 12. Qf3 Qd7 13. b5 axb5 14. cxb5 Na5 15. Bxb7 Rb8 16. Bd5 Ne7 17. e4 Rf8 18. exf5 Rxf5 19. Qd3 Bxf2+ 20. Kd1 Bd4 21. Be4 Rg5 22. Nge2 d5 23. Bf3 Nb3 24. Bg4 Rxg4 25. hxg4 Nxa1 26. Nxd4 exd4 27. Qxd4 Qe6 28. Rxh4 Kd7 29. Rh7 Kc8 30. Qb4 Ng8 31. Bb2 d4 32. Bxa1 dxc3 33. Bxc3 Qd5 34. a4 Rb6 35. Qf8+ Kb7 36. Qf7 Qd8 37. Be5 Nf6 38. Bxc7 1-0

[Event "ROU-chT 1st League 2019"]
[Site "Mamaia"]
[Date "2019.09.29"]
[Round "9.21"]
[White "Georgescu, Tiberiu-Marian"]
[Black "Ciorgovean, Iustin"]
[Result "1/2-1/2"]
[ECO "A20"]
[WhiteElo "2508"]
[BlackElo "2331"]
[Annotator "ChessBase"]
[PlyCount "41"]
[EventDate "2019.09.21"]
[EventType "team-tourn"]
[EventCountry "ROU"]
[SourceTitle "playchess.com"]
[Source "ChessBase"]
[SourceQuality "1"]
[TimeControl "40/5400+30:1800+30"]

1. c4 e5 2. g3 Nf6 3. Bg2 d5 4. cxd5 Nxd5 5. Nc3 Nb6 6. Nf3 Nc6 7. O-O Be7 8. d3 O-O 9. a3 Be6 10. b4 a5 11. b5 Nd4 12. Nd2 a4 13. Bxb7 Ra5 14. Rb1 Qe8 15. Bb2 f6 16. e3 Nxb5 17. Nxb5 Rxb5 18. Qf3 Qf7 19. d4 exd4 20. Bxd4 Rxb1 21. Nxb1 1/2-1/2

[Event "ROU-chT 1st League 2019"]
[Site "Mamaia"]
[Date "2019.09.29"]
[Round "9.22"]
[White "Barzanu, Iulian"]
[Black "David, Alexandru-Vasile"]
[Result "1-0"]
[ECO "B56"]
[WhiteElo "2187"]
[BlackElo "2424"]
[Annotator "NA"]
[PlyCount "107"]
[EventDate "2019.09.21"]
[EventType "team-tourn"]
[EventCountry "ROU"]
[SourceTitle "playchess.com"]
[Source "ChessBase"]
[SourceQuality "1"]
[TimeControl "40/5400+30:1800+30"]

1. e4 c5 2. Nf3 Nc6 3. d4 cxd4 4. Nxd4 Nf6 5. Nc3 d6 6. f3 e5 7. Nb3 Be7 8. Be3 O-O 9. Qd2 Be6 10. O-O-O a5 11. Bb5 Qb8 12. Kb1 Rc8 13. g4 b6 14. g5 Nd7 15. Nd5 Bf8 16. c4 a4 17. Na1 Qb7 18. Rc1 Nc5 19. Nc2 Na5 20. Na3 Kh8 21. Qe2 Be7 22. h4 Rf8 23. Rcg1 f5 24. gxf6 Bxf6 25. Bg5 Rab8 26. Rg3 Qf7 27. Nc2 Rg8 28. Rhg1 Ra8 29. Nxb6 Rab8 30. Nd5 Bxd5 31. cxd5 Bxg5 32. hxg5 g6 33. Na3 Rb7 34. Qd2 Qc7 35. Rh3 Rgb8 36. Rgh1 Rxb5 37. Nxb5 Rxb5 38. Rxh7+ Qxh7 39. Rxh7+ Kxh7 40. Qh2+ Kg8 41. Qh6 Nc4 42. Qxg6+ Kf8 43. Qf6+ Ke8 44. Kc2 a3 45. b4 Rxb4 46. Kc3 Ra4 47. g6 Ne3 48. Qf7+ Kd8 49. g7 Rc4+ 50. Kd2 Nf1+ 51. Ke2 Ng3+ 52. Kf2 Ngxe4+ 53. fxe4 Nxe4+ 54. Ke3 1-0

[Event "ROU-chT 1st League 2019"]
[Site "Mamaia"]
[Date "2019.09.29"]
[Round "9.23"]
[White "Stoleriu, George"]
[Black "Micu, Iulian"]
[Result "1-0"]
[ECO "B00"]
[WhiteElo "2351"]
[BlackElo "2165"]
[Annotator "NA"]
[PlyCount "103"]
[EventDate "2019.09.21"]
[EventType "team-tourn"]
[EventCountry "ROU"]
[SourceTitle "playchess.com"]
[Source "ChessBase"]
[SourceQuality "1"]
[TimeControl "40/5400+30:1800+30"]

1. e4 d6 2. d4 e5 3. dxe5 dxe5 4. Qxd8+ Kxd8 5. Bc4 Be6 6. Bxe6 fxe6 7. Be3 Bd6 8. Nd2 Nf6 9. f3 Nc6 10. c3 Ke7 11. Nh3 h6 12. Nf2 Rag8 13. h4 Nh5 14. b4 Nf4 15. g3 Nh5 16. Rg1 Kd7 17. a4 a6 18. a5 Be7 19. Nd3 g5 20. hxg5 Bxg5 21. Nc5+ Kc8 22. Bxg5 Rxg5 23. Kf2 Ng7 24. Nc4 Rf8 25. Rad1 Rg6 26. Nd7 Rg8 27. Ncxe5 Nxe5 28. Nxe5 Rf6 29. Rd7 Ne8 30. Rh7 Nd6 31. Ke3 Nb5 32. c4 Nd6 33. Rh1 b6 34. axb6 cxb6 35. R1xh6 Rxh6 36. Rxh6 Rxg3 37. Rxe6 Kc7 38. c5 Nc8 39. Nc4 b5 40. Na5 Rg1 41. Rxa6 Rb1 42. Rh6 Ne7 43. Rh7 Kd7 44. c6+ Ke6 45. f4 Nc8 46. Rh8 Nd6 47. e5 Nf5+ 48. Kd2 Ne7 49. c7 Kd7 50. Rh7 Kxc7 51. Rxe7+ Kb6 52. Re6+ 1-0